 Dungeon Crawl Stone Soup version 0.31-a0-1139-gec03705108 (webtiles) character file.

Game seed: 7079774520916146271

28312 mitiashka the Fighter (level 13, -7/125 HPs)
             Began as a Minotaur Berserker on Dec 6, 2023.
             Was a High Priest of Trog.
             Mangled by a nine-headed hydra (9 damage)
             ... on level 5 of the Lair of Beasts.
             The game lasted 00:54:19 (11444 turns).

mitiashka the Fighter (Minotaur Berserker)         Turns: 11444, Time: 00:54:23

Health: -7/125     AC: 16    Str: 26    XL:     13   Next: 9%
Magic:  12/12      EV: 10    Int:  4    God:    Trog [*****.]
Gold:   665        SH: 12    Dex: 11    Spells: 12/12 levels left

rFire   + + +        P - +1 war axe (heavy)
rCold   x . .        B - +2 tower shield
rNeg    . . .        y - +0 fire dragon scales
rPois   +            (helmet restricted)
rElec   .            U - scarf {repulsion}
rCorr   .            E - +2 pair of gloves of Beyond {rF+}
SInv    .            (no boots)
Will    +....        s - amulet of regeneration Stlth
                     h - ring of poison resistance
HPRegen 1.20/turn    w - ring of willpower
MPRegen 0.13/turn

%: repel missiles
@: mighty, on berserk cooldown, slowed, very slow
A: horns 2, retaliatory headbutt
a: Renounce Religion, Berserk, Trog's Hand, Brothers in Arms


You were on level 5 of the Lair of Beasts.
You worshipped Trog.
Trog was extremely pleased with you.
You visited 2 branches of the dungeon, and saw 13 of its levels.
You also visited: Ossuary.

You collected 665 gold pieces.

Inventory:

Hand Weapons
 i - the +1 trident of the Bouncing Friars {flame, rN+ Str+3 Dex+3}
   (You took it off a spriggan on level 1 of the Lair of Beasts)

   Str+3:     It affects your strength (+3).
   Dex+3:     It affects your dexterity (+3).
   rN+:       It protects you from negative energy.
 H - a +2 flail of protection
 P - a +1 heavy war axe (weapon)
 Z - a +8 battleaxe
Missiles
 f - 4 atropa-tipped darts (quivered)
 C - 6 throwing nets
Armour
 p - a +3 scale mail of poison resistance
 y - +0 fire dragon scales (worn)
 B - a +2 tower shield (worn)
 E - the +2 pair of gloves of Beyond (worn) {rF+}
   (You found it on level 5 of the Dungeon)

   rF+:       It protects you from fire.
 G - a +0 plate armour
 U - a scarf of repulsion (worn)
Jewellery
 h - a ring of poison resistance (left hand)
 s - an amulet of regeneration (around neck)
 v - an amulet of reflection
 w - a ring of willpower (right hand)
 J - a ring of ice
 S - a ring of fire
Wands
 o - a wand of paralysis (19)
 q - a wand of flame (45)
 t - a wand of iceblast (6)
 z - a wand of quicksilver (14)
 V - a wand of mindburst (4)
 W - a wand of polymorph (4)
 Y - a wand of digging (4)
Scrolls
 c - 2 scrolls of butterflies {unknown}
 d - 5 scrolls of enchant weapon
 g - 3 scrolls of revelation
 j - 3 scrolls of teleportation {unknown}
 n - 4 scrolls of immolation
 x - a scroll of amnesia {unknown}
 D - 6 scrolls of noise
 I - 2 scrolls of silence
 M - 2 scrolls of brand weapon {unknown}
 N - 2 scrolls of enchant armour {unknown}
 O - a scroll of torment {unknown}
 T - a scroll of fog {unknown}
 X - a scroll of poison
Potions
 a - a potion of brilliance {unknown}
 b - a potion of cancellation {unknown}
 e - 9 potions of curing
 k - a potion of invisibility {unknown}
 m - 2 potions of ambrosia
 r - 3 potions of lignification
 u - a potion of attraction {unknown}
 A - 4 potions of enlightenment
 F - a potion of degeneration {unknown}
 K - a potion of resistance {unknown}
 L - 2 potions of berserk rage {unknown}
 Q - a potion of haste {unknown}
 R - a potion of mutation {unknown}


   Skills:
 * Level 14.8 Fighting
 * Level 14.5 Axes
 * Level 14.3 Armour
 + Level 9.9 Dodging


You had 12 spell levels left.
You didn't know any spells.
Your spell library was empty.

Dungeon Overview and Level Annotations

Branches:
Dungeon (9/15)             Temple (0/1) D:4            Lair (5/5) D:9
 Shoals (0/4) Lair:3        Snake (0/4) Lair:2      Ossuary (visited)
  Slime: Lair:4-5       Orc: D:9-12

Altars:
Qazlal
Trog
Vehumet
Zin
The Shining One

Shops:
D:7 (


Innate Abilities, Weirdness & Mutations

You have a pair of horns on your head.
You reflexively headbutt those who attack you in melee.


Message History

The seven-headed hydra grows two more!
You slash the nine-headed hydra!
The nine-headed hydra is moderately wounded.
The nine-headed hydra bites you.
* * * LOW HITPOINT WARNING * * *
You block the nine-headed hydra's attack. x2
The nine-headed hydra bites you!
* * * LOW HITPOINT WARNING * * *
The nine-headed hydra bites you.
* * * LOW HITPOINT WARNING * * *
The nine-headed hydra bites you.
* * * LOW HITPOINT WARNING * * *
The nine-headed hydra barely misses you.
The nine-headed hydra bites you!
* * * LOW HITPOINT WARNING * * *
You block the nine-headed hydra's attack.
The nine-headed hydra closely misses you. x2
The nine-headed hydra barely misses you.
The nine-headed hydra bites you but does no damage.
You block the nine-headed hydra's attack.
The nine-headed hydra barely misses you.
The nine-headed hydra closely misses you.
The nine-headed hydra bites you but does no damage. x2
The nine-headed hydra attacks as it pursues you!
You block the nine-headed hydra's attack.
The nine-headed hydra bites you.
* * * LOW HITPOINT WARNING * * *
The nine-headed hydra bites you but does no damage.
You block the nine-headed hydra's attack.
The nine-headed hydra bites you.
* * * LOW HITPOINT WARNING * * *
You block the nine-headed hydra's attack. x2
The nine-headed hydra bites you but does no damage. x2
The nine-headed hydra attacks as it pursues you!
The nine-headed hydra bites you but does no damage.
The nine-headed hydra barely misses you.
The nine-headed hydra bites you but does no damage.
The nine-headed hydra bites you.
* * * LOW HITPOINT WARNING * * *
The nine-headed hydra bites you!
You die...

..............P~≈~~#
...............~P~♣#
..........(....P~♣#
..#....P.#...#♣~♣#
#..##.P##..#♣ ## ##
#..##P.# #.+####.##
#.P... #..P## #.....
#.@..# ..#P. #.D.##
#... ##†..# #####..
#)#.##
#..P...###†.†##
....P.......#.#
.............##
....Y.........#
....Y.........#


You could see a nine-headed hydra.

Vanquished Creatures
  The ghost of Taaryas the Bludgeoner, a journeyman MiMo of Gozag (Lair:1)
  Harold (D:9)
  A hydra (Lair:3)
  A two-headed ogre (D:9)
  A boulder beetle (Lair:2)
  5 death yaks (Lair:5)
  An oklob plant (Lair:3)
  4 elephants (Lair:3)
  2 black mambas
  8 cane toads
  A rime drake (Lair:3)
  7 komodo dragons
  3 hornets
  Grinder (D:4)
  15 blink frogs
  5 dream sheep (Lair:3)
  A snapping turtle (Lair:3)
  Sigmund (D:5)
  A vampire (D:9)
  18 yaks
  3 spriggans (Lair:1)
  A water elemental (Lair:3)
  Eustachio (D:6)
  3 wraiths
  5 wyverns
  Menkaure (D:4)
  A naga (Lair:2)
  8 water moccasins
  4 black bears
  An orc warrior (D:6)
  An ice beast (D:7)
  2 ogres
  A centaur (D:9)
  8 wolves
  A phantom (D:5)
  2 kobold brigands
  15 bullfrogs
  2 gnoll sergeants
  2 scorpions
  3 wights (D:9)
  10 killer bees
  3 howler monkeys
  2 human zombies (Ossuary)
  A hound (D:6)
  A jelly (D:5)
  6 orc priests
  2 gnoll boudas
  4 sleepcaps
  2 iguanas
  Ijyb (D:3)
  Terence (D:3)
  6 orc wizards
  A statue (D:5)
  3 mummies (Ossuary)
  12 gnolls
  4 adders
  A shadow imp (D:5)
  A white imp (D:8)
  2 ufetubi (D:5)
  2 worms
  3 dart slugs
  28 orcs
  8 ball pythons
  11 endoplasms
  4 giant cockroaches
  2 goblins
  4 hobgoblins
  12 jackals
  17 kobolds
  A quokka (D:1)
  2 bats (D:2)
  4 frilled lizards
  3 goblin zombies (Ossuary)
  3 hobgoblin zombies (Ossuary)
  A kobold zombie (Ossuary)
  9 rats
320 creatures vanquished.

Vanquished Creatures (collateral kills)
  A death yak (Lair:5)
1 creature vanquished.

Vanquished Creatures (others)
  An orc wizard (D:8)
1 creature vanquished.

Grand Total: 322 creatures vanquished

Notes
Turn   | Place    | Note
-------+----------+-------------------------------------------
     0 | D:1      | mitiashka the Minotaur Berserker began the quest for the
                  | Orb.
     0 | D:1      | Reached XP level 1. HP: 19/19 MP: 0/0
    73 | D:1      | Reached XP level 2. HP: 25/27 MP: 1/1
   503 | D:1      | Reached ** piety under Trog
   508 | D:1      | Reached XP level 3. HP: 33/33 MP: 2/2
  1037 | D:2      | Noticed an ogre
  1045 | D:2      | Killed an ogre
  1046 | D:2      | Reached XP level 4. HP: 35/41 MP: 3/3
  1193 | D:2      | Reached XP level 5. HP: 47/47 MP: 4/4
  1478 | D:2      | Identified the +5 dagger of the Mashing Soothsayer {vamp,
                  | rN+ Int+6 Dex+4}
  1710 | D:3      | Found a stormy altar of Qazlal.
  1710 | D:3      | Found a bloodstained altar of Trog.
  1746 | D:3      | Noticed Ijyb
  1768 | D:3      | Killed Ijyb
  1769 | D:3      | Reached skill level 5 in Fighting
  1771 | D:3      | Reached skill level 5 in Axes
  1888 | D:3      | Noticed Terence
  1900 | D:3      | Killed Terence
  1928 | D:3      | Reached XP level 6. HP: 36/56 MP: 5/5
  2534 | D:4      | Noticed Grinder
  2538 | D:4      | Paralysed by Grinder for 3 turns
  2552 | D:4      | Killed Grinder
  2553 | D:4      | Reached skill level 5 in Armour
  2553 | D:4      | Reached XP level 7. HP: 54/63 MP: 6/6
  2640 | D:4      | Reached *** piety under Trog
  2667 | D:5      | Entered Level 5 of the Dungeon
  2889 | D:4      | Found a staircase to the Ecumenical Temple.
  2891 | D:4      | Noticed Menkaure
  2899 | D:4      | Killed Menkaure
  3439 | D:4      | Found a glowing silver altar of Zin.
  3621 | D:5      | Found a radiant altar of Vehumet.
  3645 | D:5      | Reached XP level 8. HP: 73/73 MP: 7/7
  3698 | D:5      | Identified the +2 pair of gloves of Beyond {rF+}
  3836 | D:5      | Noticed Sigmund
  3861 | D:5      | Killed Sigmund
  3971 | D:5      | Reached skill level 5 in Dodging
  4342 | D:6      | Reached **** piety under Trog
  4810 | D:6      | Found a sand-covered staircase.
  4817 | Ossuary  | Entered an ossuary
  5299 | D:6      | Reached XP level 9. HP: 82/82 MP: 8/8
  5611 | D:6      | Noticed Eustachio
  5631 | D:6      | Killed Eustachio
  6334 | D:7      | Reached ***** piety under Trog
  6582 | D:7      | Found Gufod's Weapon Emporium.
  6823 | D:8      | Paralysed by a kobold for 3 turns
  6938 | D:8      | Reached skill level 10 in Fighting
  6938 | D:8      | Reached XP level 10. HP: 93/93 MP: 9/9
  7826 | D:9      | Reached skill level 10 in Axes
  7829 | D:9      | Noticed Harold
  7840 | D:9      | Killed Harold
  7849 | D:9      | Noticed a two-headed ogre
  7851 | D:9      | Reached skill level 10 in Armour
  7856 | D:9      | Killed a two-headed ogre
  8293 | D:9      | Found a staircase to the Lair.
  8607 | Lair:1   | Entered Level 1 of the Lair of Beasts
  8786 | Lair:1   | Noticed a black mamba
  8796 | Lair:1   | Killed a black mamba
  8797 | Lair:1   | Reached XP level 11. HP: 86/103 MP: 10/10
  9198 | Lair:1   | Found a runed translucent door.
  9200 | Lair:1   | Identified the +1 trident of the Bouncing Friars {flame,
                  | rN+ Str+3 Dex+3}
  9203 | Lair:1   | Noticed Taaryas's ghost (journeyman MiMo)
  9203 | Lair:1   | Noticed a spriggan rider
  9226 | Lair:1   | Killed Taaryas's ghost
  9740 | Lair:2   | Reached ****** piety under Trog
  9746 | Lair:2   | Received a gift from Trog
  9805 | Lair:2   | Noticed a boulder beetle
  9823 | Lair:2   | Killed a boulder beetle
  9900 | Lair:2   | Reached XP level 12. HP: 115/115 MP: 11/11
  9906 | Lair:2   | Found a glowing golden altar of the Shining One.
 10001 | Lair:2   | Found a staircase to the Snake Pit.
 10830 | Lair:3   | Found a staircase to the Shoals.
 10961 | Lair:3   | Noticed a four-headed hydra
 10969 | Lair:3   | Killed an eight-headed hydra
 11331 | Lair:3   | You fall into a shaft and drop 2 floors!
 11331 | Lair:5   | Entered Level 5 of the Lair of Beasts
 11391 | Lair:5   | Noticed a death yak
 11391 | Lair:5   | Noticed a death yak
 11391 | Lair:5   | Noticed a death yak
 11403 | Lair:5   | Killed a death yak
 11406 | Lair:5   | Noticed a death yak
 11407 | Lair:5   | Noticed a death yak
 11408 | Lair:5   | Received a gift from Trog
 11408 | Lair:5   | Noticed a death yak
 11409 | Lair:5   | Killed a death yak
 11415 | Lair:5   | Killed a death yak
 11417 | Lair:5   | Killed a death yak
 11417 | Lair:5   | Killed a death yak
 11418 | Lair:5   | Reached XP level 13. HP: 47/125 MP: 12/12
 11442 | Lair:5   | HP: 5/125 [nine-headed hydra (12)]
 11443 | Lair:5   | HP: 2/125 [nine-headed hydra (1)]
 11444 | Lair:5   | Mangled by a nine-headed hydra

Illustrated notes

Levels and vault maps discovered:
D:1:      mrwooster_arrival_statue_3, layout_loops_ring,
          serial_co_window_serial, co_window_corner_a, co_window_paths_a,
          co_window_paths_b, co_window_paths_a, co_window_corner_a,
          co_window_broadway_c, co_window_2corner, co_window_corner_b,
          nicolae_wormholes
D:2:      layout_loops_ring
D:3:      layout_loops_ring, grunt_temple_overflow_open, uniq_terence, uniq_ijyb
D:4:      minmay_chambers_of_fours, layout_basic, zin_scriptorium,
          minmay_temple_entry_trees, dk_vineyard_3, nicolae_grassy_gnolls,
          uniq_grinder, uniq_menkaure
D:5:      layout_basic, vehumet_statue, uniq_sigmund
D:6:      layout_basic, enter_ossuary_5,
          mainiacjoe_sewer_entry_somewhere_in_here_1, nicolae_tricolors,
          uniq_eustachio
D:7:      layout_basic, serial_shops, nicolae_shop_behind_doors
D:8:      kennysheep_ambush_hall, layout_basic
D:9:      layout_basic, david_lair_shrubbed, uniq_harold
Lair:1:   layout_hall_layers, ebering_ghost_funeral_grove,
          infiniplex_staircase_pool_2
Lair:2:   layout_cave_pods, guppyfry_snake_entry_island, basic_altar,
          dreamdust_mushroom_princess, grunt_megastairs_4
Lair:3:   layout_cave_pods, minmay_shoals_entry_hut, st_stairs_3,
          minmay_lair_oklob_bushes, grunt_megastairs_2
Lair:5:   minmay_lair_end_enchanted_forest, layout_regular_city, ldierk_geyser,
          serial_bayou_shore_b

Skill      XL: |  1  2  3  4  5  6  7  8  9 10 11 12 |
---------------+-------------------------------------+-----
Fighting       | 4 5 6 7 8 10 11 13 14 | 14.8
Axes           | 4 5 6 8 9 11 12 14 | 14.5
Armour         | 3 4 5 6 7 9 11 12 14 | 14.3
Dodging        | 3 4 5 6 7 8 9 |  9.9

Action                     |  1- 3 |  4- 6 |  7- 9 | 10-12 | 13-15 || total
---------------------------+-------+-------+-------+-------+-------++-------
  Melee: Hand axe          |    54 |   148 |   279 |       |       ||   481
         Headbutt          |     7 |    17 |    66 |    76 |       ||   166
         Punch             |     2 |     2 |       |       |       ||     4
         War axe           |       |       |    68 |   391 |     8 ||   467
 Invoke: Berserk           |       |     1 |     2 |     2 |       ||     5
         Brothers in Arms  |       |       |       |     1 |       ||     1
    Use: Scroll            |       |     1 |     6 |     6 |       ||    13
         Potion            |       |       |       |     4 |       ||     4
 Armour: Animal skin       |     8 |       |       |       |       ||     8
         Chain mail        |    20 |    48 |       |       |       ||    68
         Scale mail        |       |    44 |    51 |       |       ||    95
         Fire dragon scale |       |       |   179 |   408 |    28 ||   615
         Skin              |       |       |     1 |       |       ||     1
  Dodge: Dodged            |    36 |    49 |   185 |   236 |    12 ||   518
         Repelled          |       |       |       |     1 |       ||     1
  Block: Kite shield       |       |       |    78 |   115 |       ||   193
         Tower shield      |       |       |       |   117 |    13 ||   130

Table legend: (Time is in decaauts)
 A = Elapsed time spent in this place.
 B = Non-inter-level travel time spent in this place.
 C = Inter-level travel time spent in this place.
 D = Time resting spent in this place.
 E = Time spent auto-exploring this place.
 F = Levels seen in this place.
 G = Mean time per level.
                   A        B        C        D        E       F      G
               +--------+--------+--------+--------+--------+-----+--------+
         Total |  11764 |   7710 |   4054 |    280 |   4712 |  14 |  840.3 |
       Dungeon |   8371 |   5281 |   3090 |    178 |   3600 |   9 |  930.1 |
          Lair |   2995 |   2031 |    964 |    101 |   1111 |   4 |  748.8 |
       Ossuary |    396 |    396 |      0 |      0 |      0 |   1 |  396.0 |
               +--------+--------+--------+--------+--------+-----+--------+

Top non-repeatable levels by time:
     D:6: 1232 daAuts
  Lair:2: 1128 daAuts
     D:8: 1043 daAuts
     D:1: 990 daAuts
     D:5: 936 daAuts
     D:7: 889 daAuts
  Lair:1: 884 daAuts
     D:4: 879 daAuts
     D:3: 853 daAuts
  Lair:3: 843 daAuts
     D:9: 836 daAuts
     D:2: 709 daAuts
 Ossuary: 396 daAuts
  Lair:5: 139 daAuts
